 Dungeon Crawl Stone Soup version 0.31.0-2-g5a2aebc5c2 (webtiles) character file.

Game seed: 7439846146554560170

13025 SnakkuSnakku7 the Basher (level 12, -4/91 HPs)
             Began as a Formicid Cinder Acolyte on Jan 20, 2024.
             Was a Priest of Ignis.
             Slain by a wolf (11 damage)
             ... in a Gauntlet.
             The game lasted 00:18:23 (12769 turns).

SnakkuSnakku7 the Basher (Formicid Cinder Acolyte) Turns: 12769, Time: 00:18:24

Health: -4/91      AC: 16    Str: 26    XL:     12   Next: 27%
Magic:  13/13      EV:  8    Int: 21    God:    Ignis [***...]
Gold:   340        SH: 10    Dex:  7    Spells: 13/13 levels left

rFire   + + .        a - +1 lajatang
rCold   + . .        l - +1 buckler {rF+}
rNeg    . . .        H - +3 chain mail {rC+}
rPois   +            (helmet unavailable)
rElec   .            q - +0 cloak
rCorr   +            s - +0 pair of gloves
SInv    +            i - +2 pair of boots
Will    +....        n - amulet of the Ant {Reflect rPois Str+3 SH+5} Stlth
                     b - ring of resist corrosion
HPRegen 0.35/turn    (no ring)
MPRegen 0.13/turn

%: reflection
@: no status effects
A: permanent stasis, dig shafts and tunnels, antennae 3, four strong arms,
clever 2
a: Dig, Renounce Religion, Fiery Armour, Foxfire Swarm, Rising Flame


You were in a Gauntlet.
You worshipped Ignis.
Ignis was most pleased with you.
You visited 2 branches of the dungeon, and saw 12 of its levels.
You also visited: Gauntlet.

You collected 684 gold pieces.
You spent 344 gold pieces at shops.

Inventory:

Hand Weapons
 a - a +1 lajatang (weapon)
 d - a -1 hand axe of flaming
 u - a +0 morningstar
 y - a +2 whip of venom
 I - a +1 flail of protection
Armour
 i - a +2 pair of boots (worn)
 l - a +1 buckler of fire resistance (worn)
 p - a +0 kite shield
 q - a +0 cloak (worn)
 s - a +0 pair of gloves (worn)
 H - a +3 chain mail of cold resistance (worn)
Jewellery
 b - a ring of resist corrosion (left hand)
 g - a ring of ice
 n - the amulet of the Ant (around neck) {Reflect rPois Str+3 SH+5}
   (You acquired it on level 10 of the Dungeon)

   [amulet of reflection]

   Reflect:   It reflects blocked missile attacks.
   Str+3:     It affects your strength (+3).
   rPois:     It protects you from poison SH+5: It affects your SH (+5).
Wands
 k - a wand of light (2)
 m - a wand of flame (8)
 F - a wand of polymorph (6)
Scrolls
 h - 3 scrolls of fear
 r - 6 scrolls of immolation
 t - a scroll of torment
 B - 3 scrolls of poison
 E - a scroll of revelation
Potions
 c - a potion of enlightenment
 e - 2 potions of brilliance
 f - a potion of invisibility
 j - 2 potions of attraction
 o - a potion of haste {unknown}
 z - a potion of degeneration {unknown}
 A - 2 potions of curing
 D - a potion of mutation
 G - a potion of magic


   Skills:
 - Level 7.1 Fighting
 - Level 3.5(9.6) Axes
 - Level 13.8(15.3) Maces & Flails
 + Level 10.7(13.7) Staves
 - Level 5.0 Shields
 - Level 1.1 Spellcasting
 - Level 3.0 Fire Magic


You had 13 spell levels left.
You didn't know any spells.
Your spell library contained the following spells:

 Spells                   Type           Power      Damage    Failure   Level
 Scorch                   Fire           26%        2d6       43%         2
 Apportation              Tloc           2%         N/A       73%         1
 Necrotise                Necr           4%         1d4       73%         1
 Sting                    Conj/Alch      4%         1d3       73%         1
 Summon Small Mammal      Summ           4%         N/A       73%         1
 Ensorcelled Hibernation  Hex/Ice        2%         N/A       86%         2
 Hailstorm                Conj/Ice       1%         3d5       97%         3
 Passwall                 Erth           1%         N/A       97%         3
 Summon Ice Beast         Ice/Summ       1%         N/A       97%         3
 Ignite Poison            Fire/Alch      7%         N/A       99%         4
 Sticky Flame             Fire/Alch      7%         2d4       99%         4
 Animate Armour           Summ/Erth      2%         N/A       100%        4
 Summon Lightning Spire   Summ/Air       1%         N/A       100%        4
 Lee's Rapid Deconstruct  Erth           0%         3d4*      100%        5
 Sculpt Simulacrum        Ice/Alch       0%         N/A       100%        6
 Ignition                 Fire           6%         3d4       100%        8
 Swiftness                Air            Unusable   N/A       N/A         3

Dungeon Overview and Level Annotations

Branches:
Dungeon (11/15)            Temple (0/1) D:4            Lair (1/5) D:8
    Orc (0/2) D:10        Gauntlet (1/1)

Altars:
Cheibriados
Fedhas
Hepliaklqana
Kikubaaqudgha
Makhleb
Nemelex Xobeh
Qazlal
Ru
Sif Muna
Trog
Vehumet
Wu Jian
Zin

Shops:
D:4 [   D:6 (

Portals:
Abyss: D:7

Annotations:
D:5 1 runed translucent door, zenocrate's ghost, novice VSEn
D:7 2 transporters, SnakkuSnakku7's ghost, novice FoCA Gauntlet 11 transporters, 19 runed translucent doors


Innate Abilities, Weirdness & Mutations

You cannot be hasted, slowed, berserked, paralysed or teleported.
You can dig through walls and to a lower floor.
You have a pair of large antennae on your head. (SInv)
Your four strong arms can wield two-handed weapons with a shield.
Your mind is very acute. (Int +8, Str/Dex -2)


Message History

The wolf bites you but does no damage.
You are too injured to fight recklessly!
You barely miss the wolf. The wolf bites you but does no damage.
You block the wolf's attack. x2
You slash the wolf!
The wolf is heavily wounded.
You block the wolf's attack. The wolf bites you but does no damage.
The wolf bites you!
You closely miss the wolf.
The wolf is heavily wounded.
You block the wolf's attack. The wolf barely misses you. x2
You block the wolf's attack.
You hit the wolf.
The wolf is severely wounded.
You block the wolf's attack. The wolf bites you but does no damage.
You block the wolf's attack. The wolf barely misses you.
You slash the wolf!
You kill the wolf!
You block the wolf's attack. The wolf barely misses you.
You barely miss the wolf. The wolf bites you!
* * * LOW HITPOINT WARNING * * *
The wolf bites you but does no damage.
You hit the wolf but do no damage. You block the wolf's attack.
You miss the wolf. The wolf bites you but does no damage.
You block the wolf's attack.
You miss the wolf. The wolf bites you!
* * * LOW HITPOINT WARNING * * *
The wolf bites you!
* * * LOW HITPOINT WARNING * * *
Unknown command.
Okay, then.
Aiming: Bolt of Light
Press: ? - help, Shift-Dir - straight line, f - wolf
Aim: a wolf (berserk, 53% to hit)
The bolt of light hits the wolf!
The wolf is heavily wounded.
The wolf bites you.
* * * LOW HITPOINT WARNING * * *
You block the wolf's attack. The wolf bites you!
You die...

.#...#...#..#..≈###≈..#..#..P.P..
.#.###.#.#..#..##§##..#..#.#.#.⌠.
.#.+...#©#..#...§.§...#..#.......
.#########..#.........#..########
.........#..###########..#.......
.#########..#...'..+..#..########
.#RE...#h#..#...'..+..#..#hD.....
.#h###.#.#..#..##†'#++#..#D##.##.
.#E..###h#..#!.+@..+..#..##..#..#
.#©..©.°.#©©#©.+.h.#.©#©©#©##©##.
.#...###○#..#[.+...'..#..##..#..#
.#)###.#.#..#..##++#++#..#.##.##.
.#.....#h#..#...+..+..#..#.......
.#########..#...+..+..#..########
.........#..###########..#.......
.#########..#.........#..########
.###YY.###..#.........#..#J....JJ


You could see a wolf (berserk).

Vanquished Creatures
  2 two-headed ogres
  A tengu warrior (D:9)
  Pikel (D:7)
  A black mamba (shapeshifter) (D:9)
  A moth of wrath (Gauntlet)
  An ugly thing (D:9)
  Joseph (D:9)
  A gargoyle (D:10)
  Maggie (D:9)
  A cane toad (Lair:1)
  3 trolls
  A hornet (D:9)
  3 shadows
  2 wyverns
  12 yaks
  A warg (D:7)
  A steam dragon (D:9)
  An acid dragon (D:9)
  2 swamp worms (Gauntlet)
  2 sky beasts
  2 orc warriors
  A black bear (D:7)
  An ogre (D:7)
  5 wolves
  5 centaurs
  3 kobold brigands
  4 bullfrogs
  2 gnoll sergeants
  2 scorpions
  18 wights
  8 killer bees
  2 howler monkeys
  An electric eel (Lair:1)
  2 bombardier beetles
  4 hounds
  8 orc priests
  4 iguanas
  2 sleepcaps
  12 orc wizards
  20 gnolls
  12 adders
  3 white imps (D:7)
  4 ufetubi (D:5)
  2 ribbon worms
  3 dart slugs
  30 orcs
  9 ball pythons
  3 endoplasms (D:1)
  2 giant cockroaches
  2 goblins
  4 hobgoblins
  4 jackals
  7 quokkas
  5 bats
  4 frilled lizards
  19 kobolds
  5 rats
263 creatures vanquished.

Vanquished Creatures (others)
  An orc wizard (D:6)
  51 foxfires
52 creatures vanquished.

Grand Total: 315 creatures vanquished

Notes
Turn   | Place    | Note
-------+----------+-------------------------------------------
     0 | D:1      | SnakkuSnakku7 the Formicid Cinder Acolyte began the quest
                  | for the Orb.
     0 | D:1      | Reached XP level 1. HP: 18/18 MP: 2/2
    75 | D:1      | Reached XP level 2. HP: 21/24 MP: 3/3
   123 | D:1      | Found a faded altar of an unknown god.
   306 | D:1      | Reached skill level 1 in Maces & Flails
   773 | D:1      | Reached XP level 3. HP: 28/29 MP: 4/4
  1016 | D:2      | Reached skill level 2 in Maces & Flails
  1635 | D:3      | Reached XP level 4. HP: 33/35 MP: 5/5
  1730 | D:3      | Reached skill level 3 in Maces & Flails
  1773 | D:3      | Reached XP level 5. HP: 12/41 MP: 6/6
  2067 | D:3      | Reached skill level 4 in Maces & Flails
  2331 | D:4      | Found a staircase to the Ecumenical Temple.
  2360 | D:4      | Found Vichow's Armour Boutique.
  2369 | D:4      | Reached skill level 5 in Maces & Flails
  2369 | D:4      | Reached XP level 6. HP: 44/47 MP: 7/7
  2401 | D:4      | Found a snail-covered altar of Cheibriados.
  2776 | D:4      | Found an ancient bone altar of Kikubaaqudgha.
  2777 | D:4      | Found a blossoming altar of Fedhas.
  2789 | D:4      | Reached skill level 6 in Maces & Flails
  2860 | D:4      | Gained mutation: Your mind is acute. (Int +4, Str/Dex -1)
                  | [potion of mutation]
  2860 | D:4      | Gained mutation: Your mind is very acute. (Int +8, Str/Dex
                  | -2) [potion of mutation]
  3051 | D:5      | Entered Level 5 of the Dungeon
  3069 | D:5      | Reached XP level 7. HP: 39/49 MP: 8/8
  3243 | D:5      | Reached skill level 7 in Maces & Flails
  3505 | D:5      | Reached skill level 8 in Maces & Flails
  3505 | D:5      | Reached XP level 8. HP: 43/58 MP: 9/9
  3675 | D:5      | Reached skill level 1 in Shields
  3712 | D:5      | Found a runed translucent door.
  3795 | D:5      | Found a glowing silver altar of Zin.
  4000 | D:5      | Noticed zenocrate's ghost (novice VSEn)
  4221 | D:6      | Found Vujuol's Weapon Shop.
  4909 | D:6      | Found a stormy altar of Qazlal.
  4915 | D:6      | Reached skill level 9 in Maces & Flails
  4915 | D:6      | Reached skill level 5 in Shields
  5073 | D:6      | Found a shimmering blue altar of Sif Muna.
  5139 | D:6      | Reached XP level 9. HP: 64/64 MP: 10/10
  5511 | D:7      | Reached skill level 10 in Maces & Flails
  5571 | D:6      | Found a burning altar of Makhleb.
  5571 | D:6      | Found a hazy altar of Hepliaklqana.
  5627 | D:7      | Found a transporter.
  5630 | D:7      | Found a transporter.
  5631 | D:7      | Noticed Pikel
  5705 | D:7      | Killed Pikel
  5706 | D:7      | Reached skill level 11 in Maces & Flails
  5820 | D:7      | Noticed SnakkuSnakku7's ghost (novice FoCA)
  5821 | D:7      | Found a one-way gate to the infinite horrors of the Abyss.
  5866 | D:7      | Noticed a rakshasa
  6636 | D:7      | Reached skill level 12 in Maces & Flails
  6636 | D:7      | Reached XP level 10. HP: 43/68 MP: 11/11
  6958 | D:8      | Found a staircase to the Lair.
  6963 | D:8      | Reached skill level 13 in Maces & Flails
  7296 | D:4      | Bought a +3 chain mail of cold resistance for 344 gold
                  | pieces
  7902 | D:8      | Found an ornate altar of the Wu Jian Council.
  8659 | D:9      | Reached skill level 5 in Fighting
  9041 | D:9      | Noticed Joseph
  9062 | D:9      | Killed Joseph
  9063 | D:9      | Reached XP level 11. HP: 75/84 MP: 12/12
  9224 | D:9      | Reached skill level 1 in Staves
  9573 | D:9      | Noticed Maggie
  9593 | D:10     | Entered Level 10 of the Dungeon
  9605 | D:10     | Noticed a two-headed ogre
  9614 | D:10     | Killed a two-headed ogre
  9887 | D:9      | Reached skill level 5 in Staves
 10023 | D:9      | Found a sacrificial altar of Ru.
 10047 | D:9      | Noticed a two-headed ogre
 10056 | D:9      | Killed a two-headed ogre
 10629 | D:9      | Noticed a tengu warrior
 10650 | D:9      | Killed a tengu warrior
 11116 | D:9      | Noticed a green ugly thing
 11131 | D:9      | Killed a green ugly thing
 11367 | D:9      | Killed Maggie
 11663 | D:10     | Found a radiant altar of Vehumet.
 11676 | D:10     | Found a bloodstained altar of Trog.
 11683 | D:10     | Reached XP level 12. HP: 60/91 MP: 13/13
 12121 | D:10     | Found a sparkling altar of Nemelex Xobeh.
 12161 | D:10     | Found a staircase to the Orcish Mines.
 12294 | D:10     | Identified a scroll of acquirement
 12294 | D:10     | Acquired the amulet of the Ant {Reflect rPois Str+3 SH+5}
 12406 | Lair:1   | Entered Level 1 of the Lair of Beasts
 12441 | Lair:1   | Reached skill level 10 in Staves
 12445 | Lair:1   | Found a gate leading to a gauntlet.
 12465 | Gauntlet | Entered a Gauntlet
 12465 | Gauntlet | Found a transporter.
 12465 | Gauntlet | Found a transporter.
 12477 | Gauntlet | Found a transporter.
 12490 | Gauntlet | Found a large runed translucent door.
 12491 | Gauntlet | Found a large runed translucent door.
 12491 | Gauntlet | Found a large runed translucent door.
 12491 | Gauntlet | Found a large runed translucent door.
 12492 | Gauntlet | Found a large runed translucent door.
 12492 | Gauntlet | Found a large runed translucent door.
 12492 | Gauntlet | Found a large runed translucent door.
 12492 | Gauntlet | Found a large runed translucent door.
 12493 | Gauntlet | Found a runed translucent door.
 12493 | Gauntlet | Found a runed translucent gate.
 12494 | Gauntlet | Found a transporter.
 12494 | Gauntlet | Found a runed translucent gate.
 12494 | Gauntlet | Found a transporter.
 12494 | Gauntlet | Found a transporter.
 12495 | Gauntlet | Found a runed translucent door.
 12495 | Gauntlet | Found a runed translucent gate.
 12497 | Gauntlet | Found a transporter.
 12497 | Gauntlet | Found a transporter.
 12501 | Gauntlet | Found a runed translucent door.
 12504 | Gauntlet | Noticed a dire elephant
 12508 | Gauntlet | Found a runed translucent door.
 12510 | Gauntlet | Found a transporter.
 12526 | Gauntlet | Found a transporter.
 12527 | Gauntlet | Found the +2 hood of the Assassin {Detect Stab+ Stlth++}
 12533 | Gauntlet | Found a runed translucent door.
 12537 | Gauntlet | Found a transporter.
 12539 | Gauntlet | Noticed a death yak
 12539 | Gauntlet | Noticed a death yak
 12541 | Gauntlet | Noticed a death yak
 12550 | Gauntlet | Found a transporter.
 12562 | Gauntlet | Found a large runed translucent door.
 12563 | Gauntlet | Found a large runed translucent door.
 12564 | Gauntlet | Found a large runed translucent door.
 12564 | Gauntlet | Found a large runed translucent door.
 12564 | Gauntlet | Found a large runed translucent door.
 12564 | Gauntlet | Found a large runed translucent door.
 12565 | Gauntlet | Found a large runed translucent door.
 12565 | Gauntlet | Found a large runed translucent door.
 12570 | Gauntlet | Found a transporter.
 12582 | Gauntlet | Found a transporter.
 12769 | Gauntlet | Slain by a wolf

Illustrated notes

Levels and vault maps discovered:
D:1:      pf_arrival_petrified_forest, layout_loops_ring,
          chequers_ecumenical_altar_twisty, serial_forest,
          infiniplex_forest_clump_medium, infiniplex_forest_end_1,
          infiniplex_forest_clump_long, infiniplex_forest_end_2,
          infiniplex_forest_straight_3, infiniplex_forest_lined_3,
          nicolae_figureground_sparkle
D:2:      layout_basic
D:3:      layout_rooms, small_statue_intersection, st_stairs_6,
          minmay_fractal_squares_gapless_5
D:4:      layout_loops_ring, grunt_temple_overflow_growth_and_decay,
          kennysheep_slug_shrine, minmay_temple_entry_overgrown, serial_shops,
          shop
D:5:      layout_basic, zin_treasury, gammafunk_ghost_grave
D:6:      layout_cave_pods, nicolae_qazlal_eye_of_the_storm,
          nicolae_overflow_hidden_temple, serial_shops,
          nicolae_shop_window_shopping
D:7:      layout_basic, gammafunk_ghost_abyssal_escape, uniq_pikel
D:8:      layout_layer_cave, mainiacjoe_overflow_surrounded_room,
          erik_lair_orcish_takeover
D:9:      minmay_quarter_circles, layout_basic, nicolae_ru_sacrificial_ziggurat,
          uniq_maggie, uniq_joseph
D:10:     layout_rooms, bloody_trog, nemelex_diamond_rough_becter,
          mainiacjoe_overflow_alcove_1, minmay_misc_feat_rugged
D:11:     layout_irregular_city, serial_shops, kennysheep_mini_moat,
          kennysheep_just_a_vault
Lair:1:   layout_chaotic_city, gauntlet_entry_generic,
          infiniplex_staircase_pool, grunt_megastairs_1, uniq_gastronok,
          uniq_nergalle
Gauntlet: gammafunk_gauntlet_mixed_choke_point
          [minmay_gauntlet_arena_77_broken_ladder,
          minmay_gauntlet_arena_77_braids, minmay_gauntlet_arena_77_museum,
          minmay_gauntlet_arena_make_your_own_arena,
          minmay_gauntlet_arena_77_cramped, minmay_gauntlet_arena_77_mirror,
          minmay_gauntlet_arena_77_path, gauntlet_exit_watery]

Skill      XL: |  1  2  3  4  5  6  7  8  9 10 11 12 |
---------------+-------------------------------------+-----
Maces & Flails | 1 2 3 5 6 8 9 12 13 | 13.8
Shields        | 5 |  5.0
Fighting       | 7 |  7.1
Staves         | 9 10 | 10.7
Axes           | |  3.5
Spellcasting   | |  1.1
Fire Magic     | |  3.0

Action                     |  1- 3 |  4- 6 |  7- 9 | 10-12 || total
---------------------------+-------+-------+-------+-------++-------
  Melee: Hand axe          |    28 |       |       |       ||    28
         Whip              |    66 |   148 |   143 |       ||   357
         Punch             |     1 |     1 |       |       ||     2
         Flail             |       |       |   219 |   296 ||   515
         Unarmed           |       |       |    22 |       ||    22
         Lajatang          |       |       |       |   300 ||   300
  Throw: Throwing net      |       |       |       |     3 ||     3
 Invoke: Foxfire Swarm     |       |       |     2 |     1 ||     3
         Fiery Armour      |       |       |       |     2 ||     2
Ability: Dig               |       |     1 |     3 |     1 ||     5
  Evoke: Wand              |       |       |       |     1 ||     1
    Use: Potion            |       |     6 |     1 |     4 ||    11
         Scroll            |       |       |       |    19 ||    19
   Stab: Sleeping          |     1 |       |       |       ||     1
         Held in net/web   |       |       |       |     3 ||     3
         Invisible         |       |       |       |     1 ||     1
 Armour: Robe              |    23 |       |       |       ||    23
         Plate armour      |    39 |   119 |   339 |    64 ||   561
         Skin              |       |       |    10 |       ||    10
         Chain mail        |       |       |       |   495 ||   495
  Dodge: Dodged            |    32 |    32 |    93 |   203 ||   360
  Block: Buckler           |       |       |    61 |   169 ||   230
